 Dungeon Crawl Stone Soup version 0.23-a0-386-g9c9d49f (webtiles) character file.

707 MisterFreud the Carver (level 7, 0/57 HPs)
             Began as a Minotaur Abyssal Knight on Oct 28, 2018.
             Was a Priest of Lugonu.
             Killed from afar by Dowan (14 damage)
             ... with a shard of ice
             ... on level 5 of the Dungeon.
             The game lasted 00:08:19 (3069 turns).

MisterFreud the Carver (Minotaur Abyssal Knight)    Turns: 3069, Time: 00:08:21

Health: 0/57       AC:  4    Str: 18    XL:     7   Next: 40%
Magic:  8/8        EV: 11    Int:  9    God:    Lugonu [***...]
Gold:   235        SH:  0    Dex: 10    Spells: 6/6 levels left

rFire    . . .     SeeInvis .   a - +1 falchion
rCold    . . .     Gourm    .   (no shield)
rNeg     . . .     Faith    .   b - +0 leather armour
rPois    +         Spirit   .   (helmet restricted)
rElec    .         Reflect  .   (no cloak)
rCorr    .         Harm     .   d - +0 pair of gloves
MR       +....                  (no boots)
Stlth    +.........             (no amulet)
HPRegen  0.19/turn              u - ring of protection from magic
MPRegen  0.11/turn              f - ring of poison resistance

@: no status effects
A: retaliatory headbutt, horns 2
a: Depart the Abyss, Bend Space, Banish, Renounce Religion


You were on level 5 of the Dungeon.
You worshipped Lugonu.
Lugonu was most pleased with you.
You were not hungry.

You visited 1 branch of the dungeon, and saw 5 of its levels.
You visited the Abyss 1 time.

You collected 235 gold pieces.

Inventory:

Hand Weapons
 a - a +1 falchion (weapon)
Missiles
 h - 67 poisoned needles
 i - 201 stones (quivered)
 m - 74 arrows
 n - 2 throwing nets
 p - 29 sling bullets
Armour
 b - a +0 leather armour (worn)
 d - a +0 pair of gloves (worn)
 y - a +0 plate armour of fire resistance
Jewellery
 f - a ring of poison resistance (right hand)
 u - a ring of protection from magic (left hand)
Wands
 r - a wand of random effects (25)
Scrolls
 e - a scroll of magic mapping {unknown}
 g - a scroll of immolation
 q - 2 scrolls of remove curse
 s - a scroll of blinking
 t - a scroll of fear {unknown}
 v - a scroll of fog {unknown}
 x - a scroll of noise {unknown}
 z - a scroll of teleportation
 A - 2 scrolls of identify {unknown}
Potions
 j - a potion of heal wounds
 k - a potion of curing {unknown}
 l - a potion of invisibility {unknown}
 o - a potion of flight {unknown}
 w - 2 potions of might {unknown}
Comestibles
 c - 6 rations


   Skills:
 - Level 3.6 Fighting
 + Level 9.1 Long Blades
 - Level 2.4 Armour
 - Level 1.1 Dodging
 + Level 3.9 Invocations


You had 6 spell levels left.
You didn't know any spells.
Your spell library was empty.

Dungeon Overview and Level Annotations

Branches:
Dungeon (5/15)
 Temple: D:4-7

Altars:
Cheibriados
Elyvilon

Annotations:
D:5 Dowan


Innate Abilities, Weirdness & Mutations

You reflexively headbutt those who attack you in melee.
You have a pair of horns on your head.


Message History

You are too injured to fight recklessly!
You are too injured to fight recklessly!
You are too injured to fight recklessly!
You hit Dowan. Your headbutt misses Dowan.
Dowan is almost dead.
Dowan hits you but does no damage.
You miss Dowan. Your headbutt misses Dowan.
Dowan is almost dead.
Dowan hits you with a +3 dagger of speed.
Dowan hits you but does no damage.
You barely miss Dowan.
Dowan is almost dead.
Dowan hits you with a +3 dagger of speed.
You barely miss Dowan.
Dowan is almost dead.
Dowan hits you with a +3 dagger of speed.
* * * LOW HITPOINT WARNING * * *
Dowan gestures at you while chanting. The shard of ice hits you!
You die...

...........................#..
...........................#..
####.......................'..
........................)..#..
.......................###.#..
.........................#.#..
#######..................#.#<.
...!..........e..........#.###
...........).@...........#....
........####.#...........###..
........# #.............# #..
##....).# ##..........### #..
........# #.###......# #..
##......# ... #......# #..
........ ..... ......+ ....
...... ...... .#.. .... ###


You could see Dowan.

Vanquished Creatures
  Duvessa (D:5)
  A black bear (D:4)
  An ogre (D:4)
  A bullfrog (D:3)
  A scorpion (D:5)
  A howler monkey (D:5)
  A hound (D:3)
  A jelly (D:5)
  An orc priest (D:4)
  A hound skeleton (D:4)
  A howler monkey skeleton (D:4)
  5 adders
  A river rat (D:4)
  An ooze (D:1)
  An adder zombie (D:4)
  2 worms
  A dart slug (D:1)
  6 leopard geckos
  7 orcs
  2 ball pythons (D:3)
  8 giant cockroaches
  13 goblins
  4 hobgoblins
  A quokka (D:3)
  A ball python skeleton (D:4)
  8 bats
  4 frilled lizards
  A jackal skeleton (D:5)
  8 kobolds
  A leopard gecko zombie (D:5)
  10 rats
96 creatures vanquished.

Notes
Turn   | Place    | Note
-------+----------+-------------------------------------------
     0 | Abyss:1  | MisterFreud the Minotaur Abyssal Knight began the quest for
                  | the Orb.
     0 | Abyss:1  | Reached XP level 1. HP: 19/19 MP: 1/1
    39 | D:1      | Escaped the Abyss
    61 | D:1      | Reached skill level 3 in Long Blades
   328 | D:1      | Reached XP level 2. HP: 24/26 MP: 2/2
   514 | D:1      | Reached ** piety under Lugonu
   521 | D:1      | Reached skill level 4 in Long Blades
   621 | D:1      | Reached XP level 3. HP: 31/31 MP: 3/3
   716 | D:2      | Found a snail-covered altar of Cheibriados.
   736 | D:3      | Reached skill level 5 in Long Blades
   736 | D:3      | Reached XP level 4. HP: 24/39 MP: 4/4
   789 | D:3      | Noticed a bullfrog
   800 | D:3      | Killed a bullfrog
   800 | D:3      | Reached skill level 6 in Long Blades
   800 | D:3      | Reached XP level 5. HP: 16/45 MP: 5/5
   995 | D:2      | Found a white marble altar of Elyvilon.
  1138 | D:2      | You fall through a shaft!
  1480 | D:3      | Reached *** piety under Lugonu
  1996 | D:4      | Reached skill level 7 in Long Blades
  2001 | D:4      | Noticed a black bear
  2016 | D:4      | Killed a black bear
  2016 | D:4      | Reached skill level 8 in Long Blades
  2016 | D:4      | Reached XP level 6. HP: 15/51 MP: 6/6
  2312 | D:4      | Found a glowing drain.
  2926 | D:5      | Entered Level 5 of the Dungeon
  2959 | D:5      | Reached XP level 7. HP: 40/57 MP: 8/8
  3038 | D:5      | Noticed Duvessa
  3047 | D:5      | Noticed Dowan
  3059 | D:5      | Killed Duvessa
  3059 | D:5      | Reached skill level 9 in Long Blades
  3069 | D:5      | Killed from afar by Dowan

Vault maps used:
D:1:      dpeg_arrival_chase
D:2:      lemuel_crystal_altar, cheibriados_altar_1
D:3:      item_on_display_a
D:4:      gup_sewer_entry_spiral
D:5:      first_ration, nemelex_xobeh_ov_fountains_minmay, uniq_duvessa

Skill      XL: |  1  2  3  4  5  6  7 |
---------------+----------------------+-----
Long Blades    | 3 4 5 6 8 9 |  9.1
Invocations    | 3 |  3.9
Fighting       | |  3.6
Armour         | |  2.4
Dodging        | |  1.1

Action                   |  1- 3 |  4- 6 |  7- 9 || total
-------------------------+-------+-------+-------++-------
Melee: Falchion          |    53 |   180 |    34 ||   267
       Headbutt          |     9 |    24 |     8 ||    41
Evoke: Wand              |       |     1 |     2 ||     3
  Use: Scroll            |       |     5 |       ||     5
       Potion            |       |     1 |     1 ||     2
  Eat: Chunk             |       |     7 |       ||     7
Armor: Leather armour    |    20 |    47 |     6 ||    73
Dodge: Dodged            |    50 |    91 |    17 ||   158
       Rpst.: Falchion   |    12 |    24 |     8 ||    44

Table legend:
 A = Non-vault XP
 B = Vault XP
 C = Vault XP percentage of total XP
 D = Non-vault monster count
 E = Vault monster count
 F = Vault count percentage of total count
                 A         B        C        D         E       F
            +---------+---------+-------+---------+---------+-------
      Total |     837 |     174 |  17.2 |      87 |       9 |   9.4
            +---------+---------+-------+---------+---------+-------
        D:1 |      43 |       1 |   2.3 |      24 |       1 |   4.0
        D:2 |      42 |       0 |   0.0 |      23 |       0 |   0.0
        D:3 |     184 |       0 |   0.0 |      19 |       0 |   0.0
        D:4 |     368 |      35 |   8.7 |      14 |       7 |  33.3
        D:5 |     200 |     138 |  40.8 |       7 |       1 |  12.5
            +---------+---------+-------+---------+---------+-------
